 Seeded DCSS version 0.30.0-19-g36f170ea60 (webtiles) character file.

Game seed: 6351066067085065685 (custom seed)

22 Esekla the Grave Robber (level 2, 0/15 HPs)
             Began as a Deep Elf Necromancer on May 28, 2023.
             Slain by a goblin
             ... wielding a +3 dagger of speed
              (2 damage)
             ... on level 2 of the Dungeon.
             The game lasted 00:03:22 (412 turns).

Esekla the Grave Robber (Deep Elf Necromancer)       Turns: 412, Time: 00:03:23

Health: 0/15       AC:  2    Str:  5    XL:     2   Next: 68%
Magic:  8/8        EV: 13    Int: 19    God:
Gold:   30         SH:  0    Dex: 15    Spells: 6/7 levels left

rFire   . . .        c - +1 dagger (drain)
rCold   . . .        (no shield)
rNeg    . . .        a - +0 robe
rPois   .            (no helmet)
rElec   .            (no cloak)
rCorr   .            (no gloves)
SInv    .            (no boots)
Will    .....        (no amulet)
Stlth   ++           (no ring)
HPRegen 0.22/turn    (no ring)
MPRegen 0.11/turn

%: no passive effects
@: no status effects
A: no striking features
a: no special abilities


You were on level 2 of the Dungeon.
You visited 1 branch of the dungeon, and saw 2 of its levels.

You collected 30 gold pieces.

Inventory:

Hand Weapons
 c - a +1 dagger of draining (weapon)
Armour
 a - a +0 robe (worn)
Wands
 j - a wand of roots (8)
Scrolls
 e - a scroll of fear {unknown}
 f - a scroll of identify {unknown}
Potions
 b - a potion of magic
 d - a potion of ambrosia {unknown}
 g - a potion of attraction {unknown}
 h - a potion of heal wounds {unknown}
 i - a potion of haste {unknown}


   Skills:
 * Level 3.0 Dodging
 + Level 2.6 Stealth
 * Level 3.2 Spellcasting
 + Level 5.3 Necromancy


You had 6 spell levels left.
You knew the following spells:

 Your Spells              Type           Power      Damage    Failure   Level
a - Necrotise             Necr           92%        1d8       1%          1

Your spell library contained the following spells:

 Spells                   Type           Power      Damage    Failure   Level
 Vampiric Draining        Necr           23%        2d7       4%          3
 Animate Dead             Necr           23%        N/A       17%         4
 Agony                    Necr           23%        N/A       43%         5


Dungeon Overview and Level Annotations

Branches:
Dungeon (2/15)

Altars:

Shops:
D:2 =


Message History

The goblin shouts!
You hit the adder.
The adder is moderately wounded.
The adder bites you. The adder barely misses you.
You closely miss the adder.
The adder is moderately wounded.
The adder closely misses you.
You barely miss the adder.
The adder is moderately wounded.
The adder bites you. The adder attacks as you move away!
The adder barely misses you. The adder closely misses you.
The adder attacks as you move away! The adder bites you.
The goblin attacks as you move away!
The goblin hits you with a +3 dagger of speed.
The adder closely misses you.
You hit the adder.
The adder is heavily wounded.
The adder bites you but does no damage.
You hit the adder but do no damage. You drain the adder. You punch the adder.
The adder is almost dead.
The adder closely misses you.
You closely miss the adder.
The adder is almost dead.
The adder bites you.
You are poisoned.
The adder poisons you! The adder completely misses you.
You hit the adder but do no damage.
The adder is almost dead.
You feel sick. The adder bites you.
* * * LOW HITPOINT WARNING * * *
You hit the adder.
You kill the adder!
You feel sick.
Your Dodging skill increases to level 3!
Okay, then.
You closely miss the goblin.
You feel sick.
You are no longer poisoned.
The goblin hits you with a +3 dagger of speed.
You die...

..# #.# # ..# #.# ####
.###.####.. #.. ..........
..> # #.[####.. #.# #.
#..#..####.. #.#
#.##..#......[. #
##.####.##..#..#####. #.
#..g@.......#..# #.
#.###..####.......∩# #.
..#......# #..####.## ##
#.........####..####.# #.
#....?...............######.
##.#####.†...........#.....#
#.#####.####..#######.####.
#.............# ##
#######.####..# #


You could see a goblin.

Vanquished Creatures
  An adder (D:2)
  3 ball pythons (D:1)
  A bat (D:1)
  3 goblins
  2 frilled lizards
  2 kobolds (D:1)
12 creatures vanquished.

Notes
Turn   | Place    | Note
-------+----------+-------------------------------------------
     0 | D:1      | Esekla the Deep Elf Necromancer began the quest for the
                  | Orb.
     0 | D:1      | Reached XP level 1. HP: 10/10 MP: 6/6
    96 | D:1      | Reached skill level 5 in Necromancy
   204 | D:1      | Reached XP level 2. HP: 13/15 MP: 8/8
   368 | D:2      | Found Renulab's Jewellery Shop.
   412 | D:2      | Slain by a goblin

Illustrated notes

Levels and vault maps discovered:
D:1:      sevenhm_arrival_forest_fort_small_3, layout_rooms,
          chequers_serial_rivers_room_b, minmay_misc_feat_five
D:2:      layout_loops_ring, dreamdust_ecumenical_altar_angels_and_demons,
          serial_shops, shop

Skill      XL: |  1  2 |
---------------+-------+-----
Necromancy     | 5 |  5.3
Dodging        | 3 |  3.0
Stealth        | |  2.6
Spellcasting   | |  3.2

Action                     || total
---------------------------++-------
  Melee: Dagger            ||    36
         Unarmed           ||     9
         Short sword       ||     5
         Punch             ||     1
   Stab: Sleeping          ||     2
 Armour: Robe              ||     9
  Dodge: Dodged            ||    32
